cohdb
Replays
Latest Replays
All Replays
Popular Replays
Top Player Replays
Match Explorer
How It Works
Community
CoH3 Stats
Reddit
Sign in to upload your games and track your stats! →
Sign in with Steam
Match 40152482
Unlisted
Match 40152482
Overview
Messages
Build Orders
End
Royal Engineer Section
Vickers Machine Gun Team
Selects Canadian Shock Battlegroup
Construct Section Command Post
ML 3-inch Mortar Team
Selects Attacking Spirit
Selects Canadian Shock Section
Canadian Shock Section
Construct Platoon Command Post
Selects Incendiary Munitions
Canadian Shock Section
6-pounder Anti-tank Gun Team
CMP 15cwt Truck
Infantry Training
Selects Pyrotechnics
Construct Company Command Post
Matilda II Heavy Tank
Selects Point Assault
Point Assault
Selects Demolition Engineering
CMP 15cwt Truck
Selects Demolition Engineering
Point Assault
Matilda II Heavy Tank
Matilda II Heavy Tank
Royal Engineer Section
Point Assault
Canadian Shock Section
Tibia
MikeMac59
Maverickjp5
SuperBoot
Disarmed
Unsafe
0
0
Comments
sign in to comment!
No comments posted yet!